 Dungeon Crawl Stone Soup version 0.31.0-11-ge490571c62 (webtiles) character file.

Game seed: 14120447233926033892

422 dialectric the Cudgeller (level 6, -8/48 HPs)
             Began as a Demonspawn Berserker on Jan 31, 2024.
             Was a Priest of Trog.
             Mangled by an orc warrior
             ... wielding a +0 trident
              (10 damage)
             ... on level 4 of the Dungeon.
             The game lasted 00:04:34 (2888 turns).

dialectric the Cudgeller (Demonspawn Berserker)     Turns: 2888, Time: 00:04:34

Health: -8/48      AC:  6    Str: 19    XL:     6   Next: 63%
Magic:  6/6        EV: 12    Int: 10    God:    Trog [***...]
Gold:   303        SH:  0    Dex: 15    Spells: 5/5 levels left

rFire   . . .        s - +3 spear of Immorality {distort, Int+2 Dex+3}
rCold   . . .        (no shield)
rNeg    . . .        k - +0 ring mail
rPois   .            (no helmet)
rElec   .            e - +0 cloak
rCorr   .            (no gloves)
SInv    .            (no boots)
Will    +....        (no amulet)
Stlth   +            (no ring)
HPRegen 0.28/turn    (no ring)
MPRegen 0.10/turn

%: no passive effects
@: enlightened, flying, hasted, very quick
A: claws 2
a: Renounce Religion, Berserk, Trog's Hand


You were on level 4 of the Dungeon.
You worshipped Trog.
Trog was most pleased with you.
You visited 1 branch of the dungeon, and saw 4 of its levels.

You collected 303 gold pieces.

Inventory:

Hand Weapons
 a - a +0 mace
 s - the +3 spear of Immorality (weapon) {distort, Int+2 Dex+3}
   (You found it on level 3 of the Dungeon)

   Int+2:     It affects your intelligence (+2).
   Dex+3:     It affects your dexterity (+3).
Armour
 e - a +0 cloak (worn)
 k - a +0 ring mail (worn)
 o - a +0 kite shield
 p - a +0 plate armour
Scrolls
 c - 2 scrolls of noise {unknown}
 d - a scroll of fear {unknown}
 f - a scroll of vulnerability {unknown}
 g - 2 scrolls of identify
 i - 2 scrolls of teleportation {unknown}
 m - a scroll of poison {unknown}
 q - a scroll of enchant weapon {unknown}
Potions
 h - a potion of cancellation
 j - a potion of brilliance
 l - a potion of heal wounds {unknown}
 n - a potion of attraction {unknown}
 r - a potion of lignification


   Skills:
 - Level 4.0 Fighting
 - Level 4.0 Maces & Flails
 * Level 2.2 Polearms
 * Level 3.5 Armour
 + Level 3.0 Dodging
 - Level 1.0 Stealth


You had 5 spell levels left.
You didn't know any spells.
Your spell library was empty.

Dungeon Overview and Level Annotations

Branches:
Dungeon (4/15)
 Temple: D:4-7

Altars:
Fedhas
Vehumet

Shops:
D:3 (**


Innate Abilities, Weirdness & Mutations

You have very sharp fingernails.


Message History

Trog accepts your kill.
The orc warrior hits you from afar with a +0 trident!
You reach to attack!
You closely miss the orc warrior.
The orc warrior is moderately wounded.
The orc warrior hits you from afar with a +0 trident!
* * * LOW HITPOINT WARNING * * *
Unknown command.
Okay, then.
Okay, then.
It was a potion of brilliance.
You feel clever all of a sudden.
The giant cockroach waves its antennae.
The orc warrior closely misses you.
It was a potion of cancellation.
Your magical effects are unravelling.
You feel magically purged.
You feel a little less clever now.
The giant cockroach bites you but does no damage.
The orc warrior hits you but does no damage.
The kobold brigand hits you with a +0 dagger.
* * * LOW HITPOINT WARNING * * *
It was a potion of enlightenment.
You feel very buoyant.
You fly up into the air.
The giant cockroach bites you but does no damage.
The kobold brigand closely misses you.
The orc warrior hits you from afar with a +0 trident.
* * * LOW HITPOINT WARNING * * *
The giant cockroach bites you.
* * * LOW HITPOINT WARNING * * *
It was a potion of magic.
Magic courses through your body. The kobold brigand barely misses you.
The orc warrior hits you from afar with a +0 trident.
* * * LOW HITPOINT WARNING * * *
The giant cockroach bites you but does no damage.
Unknown command.
It was a potion of haste.
You feel yourself speed up.
The giant cockroach bites you but does no damage.
The orc warrior hits you from afar with a +0 trident!
You die...

##...... #...... #......
####+ ##...... ## .... #
#....... .# #.$.$.
##)...... ## ..#.#
#........ # ########K$.#
#.#...... # +....o.@B.#
#)##..... #
####'####..$..##.#######
# ##....##...###.# #
##......##.##.#.# ##
#####..#..#..# ##.#.#
.### #.#.#...##...#
#..>#
...####...#...##...#
##..## ###
##...##.###..#..#..#
#...# .... ##.....#
##...)†.####.#.## .....


You could see an orc warrior, a kobold brigand and a giant cockroach.

Vanquished Creatures
  Duvessa (D:4)
  Dowan (D:4)
  2 orc wizards (D:4)
  11 adders
  6 dart slugs
  A ribbon worm (D:2)
  8 orcs
  10 endoplasms
  6 giant cockroaches
  7 goblins
  7 hobgoblins
  9 jackals
  4 kobolds
  5 quokkas
  7 ball pythons
  3 bats
  17 frilled lizards
  2 rats
107 creatures vanquished.

Notes
Turn   | Place    | Note
-------+----------+-------------------------------------------
     0 | D:1      | dialectric the Demonspawn Berserker began the quest for the
                  | Orb.
     0 | D:1      | Reached XP level 1. HP: 18/18 MP: 1/1
   132 | D:1      | Gained mutation: You have sharp fingernails. [demonic
                  | ancestry]
   132 | D:1      | Reached XP level 2. HP: 24/24 MP: 2/2
   617 | D:2      | Reached XP level 3. HP: 27/29 MP: 3/3
   822 | D:2      | Reached ** piety under Trog
   851 | D:2      | Found a radiant altar of Vehumet.
  1067 | D:2      | Reached XP level 4. HP: 30/37 MP: 4/4
  1634 | D:3      | Found Biomoyfe's General Store.
  1787 | D:3      | Found Veydoc Deyh's Assorted Antiques.
  1804 | D:3      | Found Jicweil's Weapon Emporium.
  1999 | D:3      | Reached skill level 1 in Stealth
  2059 | D:3      | Identified the +3 spear of Immorality {distort, Int+2
                  | Dex+3}
  2150 | D:3      | Reached XP level 5. HP: 42/42 MP: 5/5
  2154 | D:3      | Reached *** piety under Trog
  2311 | D:4      | Noticed Duvessa
  2311 | D:4      | Noticed Dowan
  2328 | D:4      | Killed Duvessa
  2329 | D:4      | Reached skill level 1 in Polearms
  2330 | D:4      | Killed Dowan
  2331 | D:4      | Gained mutation: You have very sharp fingernails. [demonic
                  | ancestry]
  2331 | D:4      | Reached XP level 6. HP: 18/48 MP: 6/6
  2752 | D:4      | Found a blossoming altar of Fedhas.
  2878 | D:4      | Noticed an orc warrior
  2887 | D:4      | HP: 1/48 [orc warrior/+0 trident (3)]
  2888 | D:4      | Mangled by an orc warrior

Illustrated notes

Levels and vault maps discovered:
D:1:      orjb1_clovarrival, layout_rooms, minmay_split_cup_small
D:2:      minmay_general_purpose_star, layout_basic, basic_altar,
          minmay_lizard_king
D:3:      minmay_razor_zed, layout_rooms, serial_shops, shop,
          nicolae_shop_tiny_real_fake_doors, nicolae_shop_rolling_square
D:4:      minmay_polygon_palace, layout_rooms, fedhas_altar_4,
          kennysheep_generic_room_14, uniq_duvessa

Skill      XL: |  1  2  3  4  5  6 |
---------------+-------------------+-----
Maces & Flails | 3 4 |  4.0
Dodging        | 2 3 |  3.0
Stealth        | 1 |  1.0
Fighting       | 4 |  4.0
Armour         | 2 3 |  3.5
Polearms       | 1 2 |  2.2

Action                     |  1- 3 |  4- 6 || total
---------------------------+-------+-------++-------
  Melee: Mace              |   125 |   103 ||   228
         Punch             |     4 |     2 ||     6
         Spear             |       |    95 ||    95
 Invoke: Berserk           |     1 |       ||     1
    Use: Potion            |       |     5 ||     5
         Scroll            |       |     1 ||     1
   Stab: Sleeping          |       |     2 ||     2
 Armour: Animal skin       |    74 |    26 ||   100
         Ring mail         |       |    92 ||    92
  Dodge: Dodged            |   100 |   123 ||   223
